Map: [ESL] Site Delta

Players

HeroMarine

  • Race: Terran Terran
  • League: Grandmaster
  • Spawn Location: 5:00

ShoWTimE - Winner!

  • Race: Protoss Protoss
  • League: Master
  • Spawn Location: 11:00

Event: HomeStory Cup XXV

VOD

Have the link to the VOD?

Description

Time

  • Played on: June 23, 2024, 2:47 p.m.
  • Length: 8:00

All games in this series

Show
View Real Time Build Order
Export as new Build Order

HeroMarine Terran 

Build Orders:  

Get SALT Encoding   

  12  0:00  SCV  
  13  0:12  SCV  
  14  0:16  Supply Depot  
  14  0:24  SCV  
  15  0:38  SCV  
  15  0:40  Barracks  
  15  0:42  Refinery  
  16  0:50  SCV  
  17  1:02  SCV  
  18  1:14  SCV  
  19  1:27  Orbital Command, Barracks Reactor  
  19  1:38  Command Center  
  19  1:47  Supply Depot  
  19  1:52  SCV  
  20  2:02  Marine x2  
  20  2:04  SCV  
  23  2:11  Factory  
  23  2:17  SCV  
  23  2:18  Refinery  
  23  2:20  Marine x2  
  26  2:29  SCV  
  27  2:38  Marine x2  
  27  2:41  SCV  
  30  2:50  Orbital Command  
  30  2:53  SCV  
  30  2:57  Starport  
  31  3:02  Hellion x2  
  31  3:05  SCV  
  36  3:16  SCV  
  36  3:17  SCV  
  38  3:20  Supply Depot  
  38  3:23  Widow Mine  
  38  3:24  Widow Mine  
  42  3:28  SCV  
  42  3:29  SCV  
  42  3:34  Barracks Tech Lab, Medivac  
  44  3:40  SCV  
  45  3:41  SCV  
  45  3:45  Widow Mine x2  
  45  3:46  Supply Depot  
  50  3:52  SCV  
  50  3:53  SCV  
  52  4:01  Refinery  
  52  4:04  SCV  
  52  4:05  SCV  
  54  4:15  Starport Tech Lab, Marine x2  
  54  4:16  SCV  
  60  4:18  SCV  
  60  4:20  Barracks  
  61  4:28  SCV  
  61  4:30  Supply Depot  
  62  4:38  Interference Matrix  
  62  4:40  Raven  
  62  4:41  Barracks  
  62  4:44  SCV  
  62  4:48  Command Center  
  62  4:52  SCV, Marine x2  
  65  4:53  Cyclone  
  65  4:54  Supply Depot  
  65  4:56  SCV  
  68  5:04  SCV  
  69  5:08  SCV  
  69  5:10  Engineering Bay  
  70  5:16  Raven, SCV, Marine x2  
  70  5:20  Supply Depot, Barracks  
  75  5:21  Barracks  
  75  5:27  SCV  
  76  5:28  SCV  
  76  5:31  Factory Reactor  
  76  5:33  Marine  
  76  5:34  Stimpack  
  78  5:37  Terran Infantry Weapons Level 1  
  78  5:39  Missile Turret, Refinery  
  78  5:41  SCV x2, Marine  
  78  5:42  Marauder  
  83  5:51  Marine  
  83  5:53  SCV  
  83  5:54  SCV  
  83  5:55  Supply Depot  
  83  5:56  Starport Reactor  
  86  5:57  Missile Turret  
  86  5:59  Combat Shield, Marine  
  86  6:00  Orbital Command  
  87  6:06  SCV x2, Missile Turret  
  87  6:08  Marauder  
  87  6:10  Marauder  
  94  6:19  Barracks Tech Lab, Barracks Reactor  
  94  6:21  Widow Mine x2  
  94  6:23  SCV x2  
  98  6:26  Marine  
  98  6:28  Marine  
  98  6:29  Marauder  
  98  6:31  Marauder  
  104  6:35  Supply Depot, SCV x2  
  104  6:36  Supply Depot, Orbital Command  
  106  6:45  Marauder  
  105  6:48  Widow Mine x2  
  105  6:49  SCV x2  
  105  6:51  Marauder  
  105  6:53  Marauder  
  109  6:56  Medivac x2  
  112  7:02  SCV x2  
  112  7:03  SCV  
  112  7:06  Marine x3, Marauder  
  112  7:07  Marine  
  119  7:12  Marauder  
  119  7:14  SCV, Marauder  
  122  7:17  SCV x2  
  108  7:24  Marine x4  
  108  7:26  Medivac x2  
  108  7:27  Marine  
  101  7:33  Marauder  
  101  7:35  Marine  
  94  7:38  Widow Mine x2  
  94  7:42  Marine  
Show
View Real Time Build Order
Export as new Build Order

ShoWTimE Protoss - Winner!

Build Orders: 1 Gate Expand, Phoenix Opening, Blink Stalkers 

Get SALT Encoding   

  12  0:00  Probe  
  13  0:12  Probe  
  14  0:17  Pylon  
  14  0:24  Probe (Chrono Boost)  
  15  0:36  Gateway, Probe (Chrono Boost)  
  16  0:44  Probe (Chrono Boost)  
  16  0:46  Assimilator  
  17  0:51  Probe  
  18  1:03  Probe  
  19  1:18  Nexus  
  19  1:28  Cybernetics Core  
  19  1:31  Probe  
  20  1:37  Assimilator  
  20  1:43  Probe  
  20  1:47  Pylon  
  21  1:55  Probe  
  22  2:02  Stalker (Chrono Boost)  
  22  2:08  Probe  
  25  2:14  Stargate  
  25  2:20  Probe (Chrono Boost)  
  25  2:22  Warp Gate  
  26  2:27  Adept  
  28  2:30  Probe (Chrono Boost)  
  28  2:32  Probe (Chrono Boost)  
  30  2:40  Probe (Chrono Boost)  
  30  2:41  Probe (Chrono Boost)  
  32  2:45  Probe (Chrono Boost)  
  32  2:46  Probe (Chrono Boost)  
  32  2:48  Shield Battery  
  34  2:56  Probe  
  35  2:58  Probe  
  35  3:00  Phoenix  
  38  3:09  Probe  
  38  3:10  Probe  
  40  3:13  Twilight Council  
  40  3:17  Gateway  
  40  3:25  Gateway  
  40  3:26  Probe  
  41  3:28  Probe  
  41  3:32  Pylon  
  42  3:38  Probe  
  42  3:40  Probe  
  44  3:44  Blink (Chrono Boost)  
  44  3:49  Pylon  
  44  3:50  Probe  
  44  3:52  Probe  
  46  4:02  Probe  
  47  4:04  Probe  
  47  4:06  Phoenix  
  50  4:14  Probe  
  50  4:16  Assimilator, Probe  
  52  4:17  Stalker x2  
  52  4:21  Stalker  
  58  4:35  Nexus  
  58  4:36  Probe x2, Pylon  
  60  4:45  Stalker  
  62  4:52  Probe  
  62  4:54  Stalker x2, Probe  
  62  4:58  Pylon  
  67  5:01  Forge, Pylon  
  67  5:04  Probe  
  67  5:06  Probe  
  69  5:16  Probe  
  69  5:18  Stalker x2, Probe  
  69  5:21  Charge (Chrono Boost)  
  75  5:24  Stalker  
  77  5:28  Probe  
  77  5:30  Probe  
  77  5:31  Gateway  
  77  5:35  Gateway  
  79  5:37  Protoss Ground Weapons Level 1 (Chrono Boost)  
  79  5:40  Probe  
  79  5:42  Gateway  
  80  5:43  Probe  
  81  5:52  Gateway, Sentry x2  
  81  5:56  Gateway  
  85  6:00  Probe x2  
  85  6:01  Probe  
  88  6:17  Pylon  
  88  6:19  Robotics Facility  
  88  6:22  Stalker x2, Shield Battery  
  92  6:28  Zealot x2  
  96  6:33  Pylon  
  96  6:34  Pylon  
  96  6:38  Stalker x2  
  100  6:54  Nexus  
  100  6:55  Zealot x5  
  100  6:56  Zealot, Pylon  
  112  7:01  Probe, Pylon  
  112  7:02  Probe  
  112  7:03  Probe  
  112  7:07  Zealot x2  
  119  7:13  Probe  
  119  7:14  Probe  
  119  7:15  Probe  
  114  7:23  Zealot x6  
  114  7:26  Probe  
  115  7:35  Zealot x2  
Tags
 
Add a new tag
Caveats
  • Supply blocks, unpowered buildings, or Contaminate may cause inaccurate times.
  • Supply counts are checked every 10 seconds.